 Dungeon Crawl Stone Soup version 0.23-a0-629-gae4348f (webtiles) character file.

21716 zishaf the Archer (level 12, -6/104 HPs)
             Began as a Centaur Arcane Marksman on Dec 27, 2018.
             Was a High Priest of the Shining One.
             Mangled by a wolf (7 damage)
             ... on level 4 of the Lair of Beasts.
             The game lasted 00:39:43 (19387 turns).

zishaf the Archer (Centaur Arcane Marksman)        Turns: 19387, Time: 00:39:44

Health: -6/104     AC: 11    Str: 13    XL:     12   Next: 56%
Magic:  18/18      EV:  9    Int: 17    God:    the Shining One [*****.]
Gold:   377        SH:  0    Dex: 15    Spells: 9/17 levels left

rFire    . . .     SeeInvis +   b - +1 quarterstaff (speed)
rCold    . . .     Gourm    .   (shield currently unavailable)
rNeg     + + .     Faith    .   F - +3 ring mail
rPois    +         Spirit   .   v - +0 mask of the Dragon {MR+ Slay+3 SInv}
rElec    .         Reflect  .   n - +2 cloak {rPois}
rCorr    .         Harm     .   (no gloves)
MR       ++...                  (no barding)
Stlth    ..........             O - amulet of rage
HPRegen  0.27/turn              I - +5 ring of intelligence
MPRegen  0.16/turn              M - ring of protection from magic

@: glowing, very quick
A: large, hooves 3, deformed body, speed 2, tough skin 3
a: Divine Shield, Cleansing Flame, Summon Divine Warrior, Renounce Religion,
Evoke Berserk Rage


You were on level 4 of the Lair of Beasts.
You worshipped the Shining One.
The Shining One was extremely pleased with you.
You were not hungry.

You visited 3 branches of the dungeon, and saw 16 of its levels.
You also visited: Ossuary.

You collected 796 gold pieces.
You spent 419 gold pieces at shops.

Inventory:

Hand Weapons
 a - a +2 shortbow of flaming
 b - a +1 quarterstaff of speed (weapon)
Missiles
 d - 10 arrows
 i - 403 stones (quivered)
Armour
 n - a +2 cloak of poison resistance (worn)
 v - the +0 mask of the Dragon (worn) {MR+ Slay+3 SInv}
   (You found it on level 4 of the Dungeon)

   It affects your accuracy and damage with ranged weapons and melee attacks
   (+3).
   It affects your resistance to hostile enchantments.
   It lets you see invisible.
 F - a +3 ring mail (worn)
 H - a scarf of repulsion
Jewellery
 c - an uncursed amulet of harm
 o - an uncursed ring of magical power
 t - an uncursed ring of resist corrosion
 I - a +5 ring of intelligence (left hand)
 M - a ring of protection from magic (right hand)
 O - an amulet of rage (around neck)
Wands
 k - a wand of disintegration (19)
 r - a wand of clouds (4)
 s - a wand of random effects (18)
 y - a wand of acid (7)
 B - a wand of paralysis (5)
Scrolls
 e - a scroll of amnesia
 h - 5 scrolls of fear
 j - 7 scrolls of identify
 p - a scroll of immolation
 u - 2 scrolls of remove curse
 x - 4 scrolls of enchant armour
 D - a scroll of enchant weapon
 E - 6 scrolls of fog
 G - 2 scrolls of teleportation
Potions
 l - 6 potions of ambrosia
 m - 2 potions of resistance
 q - 2 potions of haste
 w - 6 potions of curing
 z - 2 potions of agility
 A - 2 potions of mutation
 C - a potion of lignification
 J - a potion of cancellation
 K - a potion of brilliance
 L - a potion of might
Comestibles
 f - 29 rations
 g - 9 chunks of flesh


   Skills:
 + Level 9.3 Fighting
 + Level 8.0 Staves
 + Level 13.5 Bows
 - Level 2.0 Dodging
 - Level 3.0 Spellcasting
 - Level 8.0 Hexes
 - Level 5.0 Translocations
 + Level 8.9 Invocations


You had 9 spell levels left.
You knew the following spells:

 Your Spells              Type           Power        Failure   Level  Hunger
a - Corona                Hex            ####...      1%          1    None
b - Portal Projectile     Hex/Tloc       ###...       8%          3    ###....
c - Cause Fear            Hex            ####......   14%         4    ####...

Your spell library contained the following spells:

 Spells                   Type           Power        Failure   Level  Hunger
 Slow                     Hex            ####....     2%          2    ##.....
 Inner Flame              Hex/Fire       ###.....     22%         3    ###....
 Flame Tongue             Conj/Fire      #....        36%         1    None
 Sandblast                Erth           #.....       36%         1    None
 Shock                    Conj/Air       #...         36%         1    None
 Passwall                 Tmut/Erth      #.......     50%         2    ##.....
 Swiftness                Chrm/Air       #.......     50%         2    ##.....
 Leda's Liquefaction      Hex/Erth       ###.......   58%         4    ####...
 Static Discharge         Conj/Air       #.......     75%         3    ###....
 Airstrike                Air            #.........   98%         4    ####...
 Lightning Bolt           Conj/Air       #.........   100%        5    ######.
 Ring of Flames           Chrm/Fire      #.........   100%        7    #######
 Shatter                  Erth           #.........   100%        9    #######


Dungeon Overview and Level Annotations

Branches:
Dungeon (11/15)            Temple (1/1) D:5            Lair (4/6) D:9
 Shoals (0/4) Lair:3        Snake (0/4) Lair:3          Orc (0/2) D:10

Altars:
Ashenzari
Cheibriados
Dithmenos
Elyvilon
Fedhas
Gozag
Hepliaklqana
Kikubaaqudgha
Makhleb
Nemelex Xobeh
Okawaru
Qazlal
Ru
Sif Muna
Trog
Uskayaw
Vehumet
Wu Jian
Xom
Yredelemnul
Zin
The Shining One

Shops:
D:6 (   D:10 **=!


Innate Abilities, Weirdness & Mutations

You have hooves in place of feet.
Armour fits poorly on your strangely shaped body.
You cover ground very quickly.
You have extremely tough skin. (AC +3)


Message History

The wolf is heavily wounded.
The wolf bites you but does no damage. The wolf closely misses you.
You sock the wolf! Your kick misses the wolf.
The wolf is almost dead.
The wolf bites you.
* * * LOW HITPOINT WARNING * * *
The wolf barely misses you.
You hit the wolf but do no damage.
The wolf is almost dead.
The wolf bites you but does no damage. The wolf bites you.
* * * LOW HITPOINT WARNING * * *
You hit the wolf. Your kick misses the wolf.
The wolf is almost dead.
The wolf barely misses you. x2
You hit the wolf but do no damage. You kick the wolf, but do no damage.
The wolf is almost dead.
The wolf bites you but does no damage. The wolf bites you!
* * * LOW HITPOINT WARNING * * *
The wolf bites you but does no damage. The wolf bites you!
You die...

*,#.#*,,,** #######... #.##.##,,*
#.#.#.#.#. #...#..#+## #.........
##......÷..## ##....>....
#...........###..........
*#..........÷............ ***
##.........###.#####.....
*****,**#..........# ### ###...
*,,,,***P.....†h@÷.## #### ##..
**,,,,,,......†h....#####≈≈###...
*,**,**...............#§§§......
*,,*,,,.####P+.........≈≈§......
*,*,*,,,,* ##..#......######...#
*,,,,,,,,* *#.....##### ##.#.
*,,*≈≈,,***#..#...#** ####.#
**,,≈≈≈≈,,,.........,* *###.....
*,,,≈≈≈*,,...........***#........


You could see 2 wolves.

Vanquished Creatures
  A catoblepas (Lair:2)
  2 hydras
  Erica (D:10)
  Nergalle (Lair:3)
  The ghost of rogaldorn the Basher, a novice MiFi of Okawaru (D:7)
  A necromancer (Lair:3)
  4 black mambas
  4 spiny frogs
  2 torpor snails
  A komodo dragon (Lair:4)
  A hornet (Lair:3)
  Grinder (D:6)
  4 hippogriffs
  6 dream sheep
  11 blink frogs
  A slime creature (D:8)
  7 yaks
  2 basilisks
  3 wyverns
  A human (D:7)
  A hungry ghost (D:8)
  2 hogs (D:7)
  3 wargs (D:9)
  Menkaure (D:4)
  A spatial vortex (Lair:3)
  A soldier ant (D:10)
  11 water moccasins
  6 porcupines
  A black bear (D:8)
  Duvessa (D:4)
  A sky beast (D:6)
  3 elephant zombies (Lair:3)
  An orc warrior (D:8)
  2 ice beasts
  2 phantoms
  3 ogres
  4 wolves (Lair:4)
  A centaur (D:10)
  5 crocodiles
  3 big kobolds (D:8)
  An elf zombie (Ossuary)
  11 bullfrogs
  Dowan (D:4)
  A wyvern skeleton (D:8)
  2 scorpions
  6 killer bees
  A howler monkey (D:10)
  3 electric eels (Lair:3)
  7 crimson imps
  A human zombie (Ossuary)
  3 orc priests
  A basilisk zombie (Lair:3)
  2 bullfrog skeletons
  2 quasits
  Crazy Yiuf (D:2)
  5 hounds
  5 jellies
  A centaur skeleton (D:7)
  Natasha (thrice) (D:3)
  5 orc wizards
  3 worker ants
  2 crocodile zombies (Lair:3)
  4 big kobold zombies (Ossuary)
  2 bullfrog simulacra (D:7)
  3 hound zombies
  4 mummies
  Robin (D:2)
  2 howler monkey skeletons (D:4)
  14 adders
  A gnoll (D:4)
  7 oozes
  An adder skeleton (D:8)
  3 adder zombies
  3 worms (D:2)
  5 dart slugs
  2 leopard geckos
  32 orcs
  7 giant cockroaches
  20 goblins
  12 hobgoblins
  10 jackals
  15 kobolds
  A quokka (D:9)
  A ball python (D:1)
  6 bats
  7 frilled lizards
  A gnoll zombie (Ossuary)
  9 hobgoblin zombies (Ossuary)
  A jackal skeleton (D:7)
  8 jackal zombies (Ossuary)
  2 kobold zombies (Ossuary)
  A leopard gecko skeleton (D:4)
  An orc zombie (Ossuary)
  3 quokka zombies
  7 rats
  2 rat zombies (Ossuary)
373 creatures vanquished.

Vanquished Creatures (others)
  5 fungi
  2 plants
  9 toadstools (D:8)
16 creatures vanquished.

Grand Total: 389 creatures vanquished

Notes
Turn   | Place    | Note
-------+----------+-------------------------------------------
     0 | D:1      | zishaf the Centaur Arcane Marksman began the quest for the
                  | Orb.
     0 | D:1      | Reached XP level 1. HP: 16/16 MP: 2/2
    74 | D:1      | Reached skill level 3 in Bows
    94 | D:1      | Reached XP level 2. HP: 23/23 MP: 3/3
   521 | D:1      | Reached XP level 3. HP: 28/28 MP: 4/4
   535 | D:1      | Learned a level 3 spell: Portal Projectile
  1377 | D:2      | Reached skill level 4 in Bows
  1546 | D:2      | Reached XP level 4. HP: 36/36 MP: 5/5
  1825 | D:2      | Found a runed door.
  1891 | D:2      | Reached skill level 1 in Translocations
  2211 | D:2      | Reached XP level 5. HP: 33/41 MP: 6/6
  2288 | D:2      | Noticed Robin
  2333 | D:2      | Killed Robin
  2595 | D:2      | Found a snail-covered altar of Cheibriados.
  2842 | D:2      | Found a shadowy altar of Dithmenos.
  2842 | D:2      | Found a shimmering altar of Xom.
  2844 | D:2      | Found a blossoming altar of Fedhas.
  2844 | D:2      | Found a shimmering altar of Xom.
  2844 | D:2      | Found a burning altar of Makhleb.
  2876 | D:2      | Became a worshipper of Xom of Chaos
  2916 | D:3      | XOM: stealth player
  2920 | D:3      | Reached skill level 5 in Bows
  2940 | D:3      | Noticed Natasha
  2949 | D:3      | HP: 2/41 [Natasha (7)]
  2950 | D:3      | Killed Natasha
  3374 | D:2      | Noticed Crazy Yiuf
  3380 | D:2      | XOM: potion effect (might)
  3562 | D:2      | Killed Crazy Yiuf
  3805 | D:2      | XOM: noise
  3882 | D:3      | Noticed Natasha
  3892 | D:3      | Killed Natasha
  3892 | D:3      | Reached XP level 6. HP: 7/50 MP: 7/7
  4256 | D:3      | Found a snail-covered altar of Cheibriados.
  4510 | D:3      | Noticed Natasha
  4520 | D:3      | Killed Natasha
  4667 | D:3      | XOM: divination: detect items
  4731 | D:4      | Found a burning altar of Makhleb.
  4807 | D:4      | XOM: divination: detect creatures
  4810 | D:4      | Reached skill level 6 in Bows
  5083 | D:4      | XOM: divination: magic mapping
  5087 | D:4      | XOM: harmless Fire miscast
  5269 | D:3      | XOM: god gift: wand of clouds (4)
  5394 | D:4      | XOM: divination: magic mapping
  5596 | D:4      | XOM: silly message
  5687 | D:4      | Found the +0 mask of the Dragon {MR+ Slay+3 SInv}
  5696 | D:4      | Noticed Duvessa
  5699 | D:4      | Noticed Dowan
  5703 | D:4      | XOM: potion effect (might)
  5705 | D:4      | Killed Duvessa
  5705 | D:4      | Reached XP level 7. HP: 45/57 MP: 8/8
  5707 | D:4      | Killed Dowan
  5814 | D:4      | Reached skill level 1 in Staves
  5916 | D:4      | Noticed Menkaure
  5917 | D:4      | XOM: divination: detect items
  5925 | D:4      | Killed Menkaure
  5925 | D:4      | Reached skill level 7 in Bows
  6009 | D:4      | XOM: cast spell 'Olgreb's Toxic Radiance'
  6176 | D:5      | Entered Level 5 of the Dungeon
  6248 | D:5      | XOM: confuse monster(s)
  6474 | D:5      | Reached XP level 8. HP: 62/66 MP: 9/9
  6478 | D:5      | Reached skill level 8 in Bows
  6633 | D:5      | XOM: noise
  6647 | D:5      | Found a staircase to the Ecumenical Temple.
  6667 | Temple   | Entered the Ecumenical Temple
  6750 | Temple   | XOM: god gift: glass wand {god gift}
  6835 | Temple   | XOM: silly message
  6837 | Temple   | Fell from the grace of Xom
  6837 | Temple   | Became a worshipper of the Shining One
  6955 | D:5      | Found a white marble altar of Elyvilon.
  6955 | D:5      | Found a bloodstained altar of Trog.
  6984 | D:5      | Found a shadowy altar of Dithmenos.
  7374 | D:6      | Found a sand-covered staircase.
  7397 | Ossuary  | Entered an ossuary
  7443 | Ossuary  | Reached * piety under the Shining One
  7563 | Ossuary  | Reached ** piety under the Shining One
  7656 | Ossuary  | XOM: noise
  7708 | Ossuary  | Reached *** piety under the Shining One
  7718 | Ossuary  | Reached skill level 9 in Bows
  7775 | D:6      | XOM: noise
  7845 | D:6      | Found Wuilubbo's Weapon Boutique.
  7976 | D:6      | Bought a +1 quarterstaff of speed for 209 gold pieces
  8019 | D:6      | Reached skill level 5 in Fighting
  8025 | D:6      | XOM: medium Necr miscast
  8197 | D:6      | Noticed Grinder
  8206 | D:6      | Killed Grinder
  8206 | D:6      | Reached skill level 10 in Bows
  8206 | D:6      | Reached XP level 9. HP: 74/74 MP: 10/10
  8532 | D:7      | Found a runed gate.
  8532 | D:7      | Found a runed gate.
  8532 | D:7      | Found a runed gate.
  8533 | D:7      | Noticed rogaldorn's ghost (novice MiFi)
  8579 | D:7      | Reached skill level 1 in Invocations
  8980 | D:7      | XOM: silly message
  9548 | D:7      | Reached **** piety under the Shining One
  9677 | D:7      | XOM: harmless Tloc miscast
  9710 | D:7      | XOM: harmless Hex miscast
  9823 | D:8      | Noticed Erica
 10083 | D:7      | Killed rogaldorn's ghost
 10083 | D:7      | Reached XP level 10. HP: 26/83 MP: 13/13
 10093 | D:7      | XOM: silly message
 10468 | D:8      | Found a stormy altar of Qazlal.
 10475 | D:8      | Reached skill level 5 in Hexes
 10475 | D:8      | Reached skill level 5 in Translocations
 10724 | D:8      | Reached skill level 11 in Bows
 10732 | D:8      | Noticed a two-headed ogre
 10879 | D:8      | XOM: harmless Summ miscast
 10982 | D:8      | Reached skill level 5 in Invocations
 10994 | D:8      | Reached skill level 5 in Staves
 12025 | D:8      | XOM: medium Conj miscast
 12295 | D:8      | Found a blossoming altar of Fedhas.
 12494 | D:9      | Found a staircase to the Lair.
 12692 | D:9      | Learned a level 4 spell: Cause Fear
 13054 | D:10     | Entered Level 10 of the Dungeon
 13123 | D:10     | Got a polished flail
 13145 | D:10     | Found Xuphopp's Jewellery Shoppe.
 13243 | D:10     | XOM: medium Air miscast
 13369 | D:10     | XOM: scenery: 2 doors open
 13445 | D:10     | XOM: medium Ice miscast
 13654 | D:10     | Found Woceink's Assorted Antiques.
 13673 | D:10     | Found Terchajale's Assorted Antiques.
 13758 | D:10     | Killed Erica
 13758 | D:10     | Reached skill level 12 in Bows
 13758 | D:10     | Reached XP level 11. HP: 92/92 MP: 12/15
 13800 | D:10     | Found a staircase to the Orcish Mines.
 13845 | D:10     | Found Zaigeog's Distillery.
 13902 | D:10     | XOM: noise
 14116 | D:10     | Bought a glowing shortbow for 210 gold pieces
 14258 | Lair:1   | Entered Level 1 of the Lair of Beasts
 14361 | Lair:1   | XOM: medium Fire miscast
 15118 | Lair:1   | Noticed a seven-headed hydra
 15122 | Lair:1   | Killed a seven-headed hydra
 15140 | Lair:1   | XOM: medium Fire miscast
 15896 | Lair:2   | HP: 4/94 [dream sheep[a torpor snail] (15)]
 16008 | Lair:1   | XOM: mild Hex miscast
 16378 | Lair:2   | Noticed a catoblepas
 16400 | Lair:2   | Killed a catoblepas
 17173 | Lair:3   | Noticed Nergalle
 17191 | Lair:3   | Reached ***** piety under the Shining One
 17194 | Lair:3   | Killed Nergalle
 17194 | Lair:3   | Reached XP level 12. HP: 95/103 MP: 12/17
 17350 | Lair:3   | Reached skill level 13 in Bows
 17386 | Lair:3   | Found a staircase to the Shoals.
 17578 | Lair:3   | XOM: noise
 17649 | Lair:3   | Identified the Catalogue of Heat and the Mountains
 17757 | Lair:3   | XOM: swap monsters
 17779 | Lair:3   | HP: 3/103 [dream sheep[a torpor snail] (6)]
 17815 | Lair:3   | Noticed a four-headed hydra
 17841 | Lair:3   | Killed a four-headed hydra
 18058 | Lair:3   | XOM: mild Tloc miscast
 18167 | Lair:3   | Found a staircase to the Snake Pit.
 18322 | Lair:3   | XOM: noise
 18509 | Lair:3   | Got a twisted mace
 18650 | Lair:3   | XOM: medium Erth miscast
 18970 | Lair:3   | Was forgiven by Xom
 19123 | Lair:4   | Found a dark tunnel.
 19386 | Lair:4   | HP: 1/104 [wolf (10)]
 19387 | Lair:4   | Mangled by a wolf

Vault maps used:
D:1:      ncdulo_wetmaze
D:2:      first_ration, doesnt_xom_only_xom, uniq_robin, uniq_crazy_yiuf_cottage
D:3:      lemuel_round_altar, uniq_natasha
D:4:      minmay_wonky_spiral, lemuel_doored_altar, kennysheep_generic_room_9,
          uniq_menkaure, uniq_duvessa
D:5:      gammafunk_temple_overflow_elements, minmay_temple_entry_poolview,
          nicolae_dithmenos_through_a_glass_darkly
D:6:      serial_shops, shop_statue, gup_ossuary_entry_pyramid, uniq_grinder
D:7:      gammafunk_ghost_necromancy, grunt_livestock
D:8:      cheibrodos_fertilizer, fedhas_altar_4, grunt_qazlal_clouds, uniq_erica
D:9:      erik_lair_orcish_takeover
D:10:     orc_0_dummy, serial_shops, shop, shop, nicolae_shop_stone, shop,
          minmay_circle_x
D:11:     minmay_shop_chei
Temple:   minmay_crystal_spiral_temple
Lair:1:   infiniplex_staircase_pool
Lair:2:   minivault_25
Lair:3:   pond_and_an_island_with_a_cottage, elwin_shoals_entry_rocks,
          dummy_snake_entry, serial_bayou_pond_c, uniq_nergalle
Lair:4:   nicolae_volcano_entry_two_sided, serial_bayou_pond_a
Ossuary:  minmay_ossuary_two_tombs

Skill      XL: |  1  2  3  4  5  6  7  8  9 10 11 12 |
---------------+-------------------------------------+-----
Bows           | 3 4 5 6 7 10 12 13 | 13.5
Hexes          | 3 4 5 7 8 |  8.0
Fighting       | 2 3 5 6 7 8 9 |  9.3
Dodging        | 2 |  2.0
Translocations | 1 2 3 4 5 |  5.0
Staves         | 2 3 4 6 7 8 |  8.0
Invocations    | 4 6 7 8 |  8.9
Spellcasting   | 3 |  3.0

Action                   |  1- 3 |  4- 6 |  7- 9 | 10-12 || total
-------------------------+-------+-------+-------+-------++-------
Melee: Unarmed           |   103 |    24 |       |       ||   127
       Kick              |    14 |    83 |    39 |   119 ||   255
       Dagger            |       |   278 |       |       ||   278
       Quarterstaff      |       |     9 |   135 |   470 ||   614
       Shortbow          |       |       |     1 |       ||     1
 Fire: Shortbow          |    98 |       |   221 |   255 ||   574
Throw: Stone             |       |     8 |       |     7 ||    15
 Cast: Portal Projectile |       |       |     1 |     8 ||     9
  Use: Scroll            |       |     5 |     7 |    10 ||    22
       Potion            |       |     4 |       |     7 ||    11
 Stab: Confused          |       |       |     1 |       ||     1
  Eat: Chunk             |     1 |    12 |     9 |    19 ||    41
       Ration            |       |       |     1 |     2 ||     3
Armor: Robe              |    28 |       |       |    47 ||    75
       Ring mail         |    32 |    19 |       |   110 ||   161
       Leather armour    |       |    87 |    62 |     2 ||   151
Dodge: Dodged            |    81 |   133 |    70 |   142 ||   426

Table legend:
 A = Non-vault XP
 B = Vault XP
 C = Vault XP percentage of total XP
 D = Non-vault monster count
 E = Vault monster count
 F = Vault count percentage of total count
                 A         B        C        D         E       F
            +---------+---------+-------+---------+---------+-------
      Total |   23441 |    7583 |  24.4 |     262 |     110 |  29.6
            +---------+---------+-------+---------+---------+-------
        D:1 |      68 |       0 |   0.0 |      35 |       0 |   0.0
        D:2 |     157 |      78 |  33.2 |      29 |      13 |  31.0
        D:3 |     136 |      35 |  20.5 |      19 |       1 |   5.0
        D:4 |     100 |     497 |  83.2 |      10 |       7 |  41.2
        D:5 |     584 |       0 |   0.0 |      10 |       0 |   0.0
        D:6 |     851 |     290 |  25.4 |      19 |       2 |   9.5
        D:7 |     771 |    1895 |  71.1 |      13 |      10 |  43.5
        D:8 |    1913 |     721 |  27.4 |      25 |      19 |  43.2
        D:9 |     108 |     588 |  84.5 |       9 |       7 |  43.8
       D:10 |    1205 |    1236 |  50.6 |      21 |       5 |  19.2
     Lair:1 |    3769 |       0 |   0.0 |      13 |       0 |   0.0
     Lair:2 |    5229 |       0 |   0.0 |      19 |       0 |   0.0
     Lair:3 |    7010 |    1866 |  21.0 |      29 |       8 |  21.6
     Lair:4 |    1540 |       0 |   0.0 |      11 |       0 |   0.0
    Ossuary |       0 |     377 | 100.0 |       0 |      38 | 100.0
            +---------+---------+-------+---------+---------+-------
